[Event "VIII Open Semana Santa 2024"]
[Site "San Vicente del Raspeig"]
[Date "2024.03.27"]
[Round "1.11"]
[White "Xiao, Tong(Qd)"]
[Black "Marabajan Navas, Saul"]
[Result "1-0"]
[ECO "B30"]
[WhiteElo "2484"]
[BlackElo "2055"]
[Annotator "TA"]
[PlyCount "111"]
[EventDate "2024.03.27"]
[EventType "swiss"]
[EventCountry "ESP"]
[SourceTitle "playchess.com"]
[Source "ChessBase"]
[SourceQuality "1"]
[TimeControl "5400+30"]

1. e4 c5 2. Nf3 Nc6 3. Nc3 e5 4. Bc4 g6 5. d3 h6 $1 6. Nd2 Bg7 7. Nf1 Nge7 8. h4 {[%emt 0:00:08] Weiß steht etwas besser.} Nd4 9. a4 d6 10. Ne3 Be6 11. Ncd5 h5 12. c3 {[%emt 0:12:25] Nxe7 wäre nun fies.} Ndc6 13. Qf3 Bxd5 14. Nxd5 Nxd5 15. Bxd5 Qd7 16. Bg5 Nd8 17. Bf6 {[%emt 0:05:50] Weiß hat aktiveres Spiel. Die schwarzen Türme stehen passiv. Ein starkes Läuferpaar.} O-O 18. Bxd8 Raxd8 19. g4 Qxg4 20. Qxg4 hxg4 {[%emt 0:00:05] Schwarz ist schwach auf den weissen Feldern} 21. h5 (21. Bxb7 Rb8 22. Bd5 Rxb2 $17) 21... g5 22. h6 Bf6 23. O-O-O Rb8 24. Rdg1 Kh7 25. Rxg4 Kg6 26. Rg3 (26. h7 Rh8 $16) 26... Rh8 27. Kc2 Rxh6 {[%emt 0:01:39] [#]} 28. Bxf7+ $1 Kg7 29. Rxh6 Kxh6 $14 {[%emt 0:00:01][%mdl 4096] Endspiel. KRB-KRB} 30. Kb3 Kg7 31. Be6 b5 32. axb5 Rxb5+ 33. Kc2 Rb8 34. Rg1 Bd8 35. Bf5 Bb6 {[%emt 0:00:59] Weiß überlässt nun nichts mehr dem Zufall.} (35... Ra8 $14) 36. Rxg5+ $16 Kf7 37. Rh5 Rg8 38. Kb3 c4+ 39. Kxc4 $18 Bxf2 40. Rh7+ Kf6 41. Rh6+ Kg5 42. Rxd6 Kf4 43. b4 Rg1 44. Kb3 Ke3 (44... Rc1 {war angesagt.} 45. Kb2 Re1) 45. Rd7 Kd2 $2 {[%emt 0:02:27] [#]} (45... Ra1 46. Bh7 Bg3) 46. d4 $1 exd4 47. cxd4 (47. Rxa7 dxc3 48. Ra2+ Ke3 $16) 47... Rb1+ 48. Kc4 Rc1+ 49. Kd5 Rb1 50. Rb7 (50. Rxa7 Rxb4 51. Ra2+ Ke3 $16) 50... a5 {[%emt 0:01:59] [#]} (50... Rd1 $142 51. Rc7 (51. Rxa7 Ke3 $14) 51... Ke3) 51. e5 $1 Rxb4 52. Rxb4 {[%emt 0:00:10] Weiß setzt Matt.} axb4 53. e6 Bh4 54. Kc6 Ke3 55. d5 Kf4 {[%emt 0:00:37] [#]} 56. d6 $1 {[%emt 0:00:07] Gewichteter Fehlerwert: Weiß=0.06 (makellos) /Schwarz=0.32.  Fehler:       	---       	Schwarz=5     Ungenau:       	Weiß=1     	Schwarz=3     OK:         	Weiß=22    	Schwarz=15    Bester:       	Weiß=1     	Schwarz=1     Stark:        	Weiß=2     	---} 1-0

[Event "VIII Open Semana Santa 2024"]
[Site "San Vicente del Raspeig"]
[Date "2024.03.27"]
[Round "1.12"]
[White "Arce Gonzalez, Dario"]
[Black "Lamard, Guillaume"]
[Result "0-1"]
[ECO "B92"]
[WhiteElo "2054"]
[BlackElo "2483"]
[Annotator "TA"]
[PlyCount "106"]
[EventDate "2024.03.27"]
[EventType "swiss"]
[EventCountry "ESP"]
[SourceTitle "playchess.com"]
[Source "ChessBase"]
[SourceQuality "1"]
[TimeControl "5400+30"]

1. e4 c5 2. Nf3 d6 3. d4 cxd4 4. Nxd4 Nf6 5. Nc3 a6 6. Be2 e5 7. Nb3 Be7 8. Be3 Be6 9. O-O O-O 10. f4 exf4 11. Rxf4 Nc6 12. Rf1 Rc8 13. Nd4 Nxd4 14. Bxd4 {[%emt 0:00:24] Schwarz hat minimalen Vorteil.} Re8 15. Qd2 Nd7 16. Qf4 {[%emt 0:06:59] [#]} Ne5 $1 17. Rad1 Qa5 18. Qg3 Bd8 19. Be3 Ng6 20. Bg4 (20. Rxd6 $2 Qb4 (20... Bxa2 21. Qf2 $14) (20... Bc7 $2 21. a3 $19) 21. Rdd1 Qxb2 $19) 20... Bxg4 21. Qxg4 Bb6 $1 22. Qg3 Bxe3+ 23. Qxe3 Qb4 24. Rb1 Re6 25. a3 Qc5 26. Qxc5 Rxc5 27. Rbd1 Ne5 28. Rd5 Rc8 29. Re1 Nc4 30. Nd1 Nb6 31. Rd2 f5 32. c3 fxe4 (32... Rxe4 33. Rxe4 fxe4 34. Rxd6 $14) 33. Rd4 Rc4 $36 {[%emt 0:00:00][%mdl 2048] Schwarz kämpft um Vorteil.} 34. Ne3 (34. Rd2 $1 $11 {bleibt in der Remisbreite.}) 34... Rxd4 $17 {[%emt 0:00:00] Ab hier gerät Weiß ins Schliddern.} 35. cxd4 {[%emt 0:00:01][%mdl 4096] Endspiel. KRN-KRN} d5 36. Kf2 (36. Rc1 $142) 36... Rc6 37. Ke2 Kf7 38. Rf1+ Ke6 $1 39. Rf8 {[%emt 0:01:12] [#]} (39. g4 $17) 39... Rc8 $1 $19 40. Rf5 {[%emt 0:00:30] [#]} Rc2+ $3 41. Nxc2 Kxf5 {[%emt 0:00:00] KN-KN} 42. b3 Nc8 43. Ke3 Ne7 44. h3 $2 (44. Kd2) 44... h5 45. g3 Nc6 46. Ne1 $2 (46. b4 {kämpft weiter.}) 46... Na5 47. Ng2 g5 {[%emt 0:00:00] Wehrt Nf4 ab} 48. h4 gxh4 (48... Nxb3 49. hxg5 Na5 (49... Kxg5 $2 50. Nf4 $19) 50. Nf4 Nc4+ (50... Kxg5 $2 51. Nxd5 Nc4+ 52. Kxe4 $19) 51. Kf2 Kxg5 (51... Nxa3 $2 52. g4+ hxg4 53. g6 $19) 52. Nxd5 Nxa3 53. Ke3 $19) 49. gxh4 Nxb3 50. Nf4 {[%emt 0:00:20] [#]} Nxd4 $1 {[%emt 0:00:00][%mdl 512] ( -> ...Nc2+)} 51. Nxh5 (51. Nxd5 Nc2+) 51... Ke5 {[%emt 0:00:00] Schwarz setzt Matt.} 52. a4 Nf5+ 53. Kd2 Nxh4 {[%emt 0:00:00] Gewichteter Fehlerwert: Weiß=0.55/Schwarz=0.06 (makellos) .  Fehler:       	Weiß=5     	---        Ungenau:       	Weiß=5     	Schwarz=1     OK:         	Weiß=8     	Schwarz=17    Bester:       	Weiß=1     	Schwarz=4     Stark:        	---       	Schwarz=3     Brilliant:      	---       	Schwarz=1} 0-1

[Event "VIII Open Semana Santa 2024"]
[Site "San Vicente del Raspeig"]
[Date "2024.03.27"]
[Round "1.13"]
[White "Ceres, Dragos"]
[Black "Jimenez Fernandez, Rebeca"]
[Result "1-0"]
[ECO "B13"]
[WhiteElo "2482"]
[BlackElo "2052"]
[Annotator "TA"]
[PlyCount "95"]
[EventDate "2024.03.27"]
[EventType "swiss"]
[EventCountry "ESP"]
[SourceTitle "playchess.com"]
[Source "ChessBase"]
[SourceQuality "1"]
[TimeControl "5400+30"]

1. e4 c6 2. d4 d5 3. exd5 cxd5 4. Bd3 Nc6 5. c3 Nf6 6. h3 e5 7. dxe5 Nxe5 8. Nf3 Nxd3+ 9. Qxd3 Bd6 10. O-O O-O {[%emt 0:00:04] The position is equal.} 11. Be3 Be6 12. Nbd2 Qd7 13. Rfe1 Bf5 14. Qd4 Ne4 15. Nxe4 (15. Qxd5 $2 Bh2+ 16. Nxh2 Qxd5 $19) 15... dxe4 16. Nh4 {[%emt 0:03:24] Threatens to win with Nxf5.} Rfd8 17. Rad1 {[%emt 0:06:23][%cal Od4d6] And now Qxd6! would win.} Qe6 18. Nxf5 Qxf5 19. Kh1 (19. Qc4 $16) 19... b6 20. Qd5 Qxd5 21. Rxd5 Bc7 $1 22. Rxd8+ Rxd8 $11 {[%emt 0:00:19][%mdl 4096] Endgame. KRB-KRB} 23. Bd4 f5 24. g4 g6 25. gxf5 gxf5 {[%emt 0:00:04] [#]} 26. f3 $1 Re8 (26... exf3 27. Re7) 27. Rg1+ Kf8 28. Rg5 f4 (28... e3 $1 $11 29. Rxf5+ Kg8 30. Rg5+ Kf8 31. Rf5+ Kg8 32. Rg5+ Kf8 33. Rf5+) 29. fxe4 $16 {[%emt 0:00:27] White is more active.} Rxe4 30. Kg2 Re2+ 31. Kf3 Rxb2 32. Rg7 Bd6 33. Rxa7 Rh2 34. Rxh7 (34. Bxb6 Rxh3+ 35. Ke4 Rxc3 $11) 34... Rxa2 (34... b5 $16) 35. Bxb6 $18 Be5 36. c4 (36. Bd4 $18 Bd6 37. Rd7) 36... Rc2 $16 37. Rh5 Rc3+ 38. Ke4 Bg7 39. c5 (39. Kxf4 Rxc4+ 40. Kf3 Rc3+ 41. Ke2 Rc2+ 42. Ke1 Bf6 $14) 39... Rc4+ $2 (39... Kf7 $16 {was worth a try.}) 40. Kd5 $18 Rd4+ 41. Kc6 {[%emt 0:00:04] Strongly threatening Kb5.} Kf7 {[%emt 0:00:30] [#]} 42. Kb7 $2 (42. Kb5 $1 $18) 42... Kg6 $2 {[%emt 0:00:06][%mdl 8192] [#]} (42... Rb4 $16) 43. c6 $1 Rb4 (43... Re4 44. c7) 44. Rd5 f3 45. c7 f2 46. Rd1 (46. c8=R $2 {too greedy.} f1=Q (46... f1=R 47. Rc6+ Rf6 48. Rxf6+ Kxf6 49. Rd4 $11) 47. Rc6+ Kh7 $19) 46... Bd4 47. c8=Q ({Not} 47. c8=R Rxb6+ (47... Bxb6 $2 {loses.} 48. Rc6+ Kh7 49. Rxb6 $18) 48. Ka8 Ra6+ 49. Kb8 Rf6 $15) 47... Rxb6+ 48. Kc7 {[%emt 0:00:05] Weighted Error Value: White=0.19 (very precise) /Black=0.55.  Loses game:     	---       	Black=2      Missed win:     	White=1     	---        Mistake:       	White=2     	Black=2      Inaccurate:     	White=1     	Black=5      OK:         	White=17    	Black=10     Best:        	White=5     	Black=3      Strong:       	White=1     	Black=1} 1-0

[Event "VIII Open Semana Santa 2024"]
[Site "San Vicente del Raspeig"]
[Date "2024.03.27"]
[Round "1.14"]
[White "Triantafilidis, Mihail"]
[Black "Solodovnichenko, Yuri"]
[Result "1/2-1/2"]
[ECO "B13"]
[WhiteElo "2052"]
[BlackElo "2481"]
[Annotator "TA"]
[PlyCount "27"]
[EventDate "2024.03.27"]
[EventType "swiss"]
[EventCountry "ESP"]
[SourceTitle "playchess.com"]
[Source "ChessBase"]
[SourceQuality "1"]
[TimeControl "5400+30"]

1. d4 d5 2. Nf3 Nf6 3. Bf4 c5 4. e3 cxd4 5. exd4 Nc6 6. Nbd2 Bf5 7. Bb5 e6 8. Ne5 {[%emt 0:02:13] The position is equal.} Qb6 9. c4 {[%emt 0:01:06][%cal Bc2c4,Bc4c5][%mdl 32] [#] Threatens to win with Qb3.} a6 ({Better is} 9... Qxd4 $11 10. Nxc6 Qxf4) 10. Bxc6+ $14 bxc6 11. O-O $1 $36 {[%emt 0:06:37][%mdl 2048] White has good play.} Be7 12. c5 {[%emt 0:01:33] White is better.} Qb7 13. Qb3 Qc8 14. Qa4 {[%emt 0:04:21] Weighted Error Value: White=0.01 (flawless) /Black=0.20 (precise) .  Mistake:       	---       	Black=1      Inaccurate:     	---       	Black=2      OK:         	White=4     	Black=4      Best:        	White=2     	---        Strong:       	White=1     	---} 1/2-1/2

[Event "VIII Open Semana Santa 2024"]
[Site "San Vicente del Raspeig"]
[Date "2024.03.27"]
[Round "1.15"]
[White "Macias Pino, Diego"]
[Black "Bethencourt Hernandez, Alberto"]
[Result "1/2-1/2"]
[ECO "B36"]
[WhiteElo "2477"]
[BlackElo "2051"]
[Annotator "RC"]
[PlyCount "125"]
[EventDate "2024.03.27"]
[EventType "swiss"]
[EventCountry "ESP"]
[SourceTitle "playchess.com"]
[Source "ChessBase"]
[SourceQuality "1"]
[TimeControl "5400+30"]

1. e4 c5 2. Nf3 Nc6 3. d4 cxd4 4. Nxd4 g6 5. c4 Nf6 6. Nc3 Nxd4 7. Qxd4 d6 8. Be3 Bg7 9. Be2 O-O 10. Qd2 Be6 11. O-O Qa5 12. Rac1 Rfc8 13. b3 a6 14. f4 Bg4 15. Bd3 Bd7 16. h3 Bc6 17. Qe1 Nd7 18. Nd5 Qxe1 19. Rfxe1 Bxd5 20. exd5 Bb2 21. Rc2 Bf6 22. g4 h6 23. Rec1 Nc5 24. Bf1 a5 25. Rb1 Kg7 26. Kg2 Kf8 27. Kf3 Nd7 28. Rbc1 Nc5 29. Rh2 g5 30. h4 Kg7 31. hxg5 hxg5 32. fxg5 Be5 33. Rh5 Rh8 34. Be2 Nd7 35. Rch1 Bc3 36. Ke4 Rxh5 37. gxh5 a4 38. Kd3 Bb4 39. Bd4+ Ne5+ 40. Ke4 axb3 41. axb3 Ra2 42. Bd3 Rg2 43. Rg1 Rh2 44. h6+ Kh8 45. Rg4 f6 46. Bxe5 dxe5 47. gxf6 exf6 48. Kf5 Rxh6 49. Ke6 f5+ 50. Kxf5 Bd6 51. Rg6 Rxg6 52. Kxg6 Kg8 53. Kf6 Kf8 54. Ke6 Bb4 55. Kd7 Kf7 56. Kc7 Ke7 57. Kxb7 Kd6 58. Kb6 Bc3 59. Be4 Bd4+ 60. Kb5 Kc7 61. c5 Kd7 62. Bf5+ Kc7 63. d6+ 1/2-1/2

[Event "VIII Open Semana Santa 2024"]
[Site "San Vicente del Raspeig"]
[Date "2024.03.27"]
[Round "1.16"]
[White "Bono Monreal, Alberto"]
[Black "Urazayev, Arystanbek"]
[Result "0-1"]
[ECO "C56"]
[WhiteElo "2050"]
[BlackElo "2476"]
[Annotator "RC"]
[PlyCount "68"]
[EventDate "2024.03.27"]
[EventType "swiss"]
[EventCountry "ESP"]
[SourceTitle "playchess.com"]
[Source "ChessBase"]
[SourceQuality "1"]
[TimeControl "5400+30"]

1. e4 e5 2. Nf3 Nc6 3. Bc4 Nf6 4. d4 exd4 5. O-O Nxe4 6. Re1 d5 7. Bxd5 Qxd5 8. Nc3 Qd7 9. Nxe4 Be7 10. Bg5 O-O 11. Bxe7 Qxe7 12. Nxd4 Bd7 13. c3 Rad8 14. Qh5 Rfe8 15. h3 Qf8 16. Qg5 f6 17. Qg3 Nxd4 18. cxd4 Bc6 19. Nc5 Rxe1+ 20. Rxe1 Qf7 21. Qg4 h5 22. Qf5 Rxd4 23. Qc8+ Kh7 24. Ne6 Re4 25. Rxe4 Bxe4 26. Nxc7 Qg6 27. g4 Qg5 28. Ne6 Qd2 29. Qc5 Bd5 30. Nf8+ Kh6 31. Kh2 hxg4 32. hxg4 Qf4+ 33. Kg1 Qxg4+ 34. Kf1 Qd1# 0-1

[Event "VIII Open Semana Santa 2024"]
[Site "San Vicente del Raspeig"]
[Date "2024.03.27"]
[Round "1.17"]
[White "Fernandez Guillen, Ernesto J."]
[Black "Martinez Sanchez, Antonio Manuel"]
[Result "1-0"]
[ECO "C15"]
[WhiteElo "2471"]
[BlackElo "2048"]
[Annotator "TA"]
[PlyCount "53"]
[EventDate "2024.03.27"]
[EventType "swiss"]
[EventCountry "ESP"]
[SourceTitle "playchess.com"]
[Source "ChessBase"]
[SourceQuality "1"]
[TimeControl "5400+30"]

1. e4 e6 2. d4 d5 3. Nc3 Bb4 4. Nge2 dxe4 5. a3 Bxc3+ 6. Nxc3 Nc6 7. Bb5 Nge7 8. Be3 O-O 9. O-O a6 (9... f5 $15) 10. Bxc6 $11 Nxc6 {[%emt 0:03:59] The position is equal.} 11. Qh5 f5 ({Stronger than} 11... Nxd4 12. Rad1 e5 13. Qxe5 $16 (13. Nxe4 Qe8 $11)) 12. Rad1 Qe8 13. Qxe8 Rxe8 14. d5 Ne7 (14... Ne5 $15) 15. d6 cxd6 16. Rxd6 Nd5 17. Na4 Kf7 18. c4 b5 {[%emt 0:07:28] [#] ...Nxe3 would now be deadly.} 19. cxb5 axb5 20. Nb6 Nxb6 21. Rxb6 Re7 (21... Rd8 $142) 22. Rc1 Ba6 23. h4 Rd7 24. Rcc6 Bb7 (24... Bc8 $11 {remains equal.}) 25. Rxe6 $16 g6 (25... Rd1+ $16 26. Kh2 Bc8) 26. Rf6+ Kg7 27. h5 {[%emt 0:00:13] Weighted Error Value: White=0.14 (very precise) /Black=0.30.  Mistake:       	---       	Black=5      Inaccurate:     	White=4     	Black=1      OK:         	White=6     	Black=3      Best:        	White=4     	Black=1} 1-0

[Event "VIII Open Semana Santa 2024"]
[Site "San Vicente del Raspeig"]
[Date "2024.03.27"]
[Round "1.18"]
[White "Vardakas, Grigorios"]
[Black "Zhu, Jiner"]
[Result "0-1"]
[ECO "D30"]
[WhiteElo "2043"]
[BlackElo "2467"]
[Annotator "TA"]
[PlyCount "66"]
[EventDate "2024.03.27"]
[EventType "swiss"]
[EventCountry "ESP"]
[SourceTitle "playchess.com"]
[Source "ChessBase"]
[SourceQuality "1"]
[TimeControl "5400+30"]

1. Nf3 d5 2. d4 Nf6 3. c4 e6 4. e3 Bd6 5. Nc3 O-O 6. Qc2 (6. c5 $5 Be7 $8 7. b4 $14) 6... b6 7. cxd5 exd5 8. Bd2 {[%emt 0:01:09] The position is equal.} c5 9. Be2 Bb7 10. O-O Nc6 11. dxc5 bxc5 12. Nb5 Be7 13. Rfd1 a6 14. Nc3 Bd6 15. Na4 Ne4 16. Be1 Re8 17. Nd2 Nb4 (17... Nxd2 $1 $15 18. Bxd2 Nd4 19. exd4 Rxe2) 18. Qc1 $11 {[%emt 0:04:32] Nxe4 would now be deadly.} Nxd2 ({Black should try} 18... Qe7 $11) 19. Bxd2 $2 (19. Nxc5 $1 $14 {was the only good move.} Rc8 20. Nxb7) 19... Qe7 {[%emt 0:00:31] Black is more active.} (19... d4 $1 $17 20. Nxc5 Bxg2 21. Kxg2 (21. Bxb4 $2 Qh4 $19) 21... Qg5+ 22. Kf1 Qf5) 20. Bxb4 $1 cxb4 21. Bf3 Qe5 22. g3 Qf5 (22... Rac8 $11 {keeps the balance.} 23. Qb1 Bf8) 23. Bg2 $16 Rac8 24. Qb1 Qf6 ({But not} 24... Rc2 $2 25. Rd2 Rec8 26. Nc3 $18) 25. Qd3 Rcd8 26. Rac1 (26. Bxd5 $2 {loses.} Bxg3 27. hxg3 Rxd5 (27... Bxd5 $2 28. Qf1 $19) 28. Qxd5 Bxd5 29. Rxd5 Qc6 $19) 26... Be5 {[%emt 0:01:09] [#]} 27. b3 (27. Qb3 $1 $16) 27... Bc8 28. Bxd5 Bg4 $1 29. Rf1 (29. Rc6 {is interesting.} Qg5 30. Rd2 Bf3 31. Rc5) 29... Bf3 {[%emt 0:01:21] This pair of bishops is nice.} 30. e4 Rd6 (30... g5 $11) 31. Nc5 (31. Rc4 $14) 31... Bc3 $1 $11 32. Qc2 $2 (32. a4 $11) 32... Qh6 33. Qd3 {[%emt 0:00:29] [#]} Qxh2+ $3 {[%emt 0:00:10][%mdl 33280] Weighted Error Value: White=0.40/Black=0.22 (precise) .  Loses game:     	White=1     	---        Mistake:       	White=3     	Black=5      Inaccurate:     	White=3     	Black=2      OK:         	White=10    	Black=5      Best:        	White=2     	Black=1      Strong:       	White=1     	Black=2     . Loss on time!?} 0-1

[Event "VIII Open Semana Santa 2024"]
[Site "San Vicente del Raspeig"]
[Date "2024.03.27"]
[Round "1.19"]
[White "Diaz Perez, Michel Alejandro"]
[Black "Andreev, Stanislav"]
[Result "1-0"]
[ECO "B14"]
[WhiteElo "2464"]
[BlackElo "2041"]
[Annotator "TA"]
[PlyCount "97"]
[EventDate "2024.03.27"]
[EventType "swiss"]
[EventCountry "ESP"]
[SourceTitle "playchess.com"]
[Source "ChessBase"]
[SourceQuality "1"]
[TimeControl "5400+30"]

1. d4 Nf6 2. c4 c5 3. e3 cxd4 4. exd4 d5 5. Nc3 g6 6. cxd5 Bg7 7. Qb3 Qb6 (7... O-O $11) 8. Qxb6 axb6 9. Nf3 {[%emt 0:00:18] Weiß steht besser.} O-O 10. Bc4 Na6 11. O-O Nb4 12. Bf4 b5 13. Bxb5 (13. Bb3 $14) 13... Nfxd5 $11 14. Nxd5 Nxd5 15. Be5 Bh6 16. Bc4 Nb6 17. Bb3 Na4 18. d5 Bg4 19. Rfe1 Nc5 20. Bc4 Bxf3 21. gxf3 Nd7 (21... Rfc8 $14) 22. Bc3 {[%emt 0:04:47] Das Läuferpaar ist gut.} (22. Bd4 $142 Bg5 23. f4) 22... Bg5 {[%emt 0:00:07] [#]} 23. f4 $1 {[%emt 0:01:57][%mdl 512] Weiß steht aktiver.} Bh4 24. Kg2 (24. Rad1 $16) 24... Rfc8 $14 25. Bb5 (25. Bb3 $14) 25... Nb6 $11 26. Red1 Rc5 27. a4 Nxd5 28. Be5 e6 29. Rac1 Rac8 30. Rxc5 Rxc5 31. Kf3 Rc2 32. Bd4 Be7 33. Bd3 Rc8 34. Be4 Rd8 35. Be5 f5 36. Bb1 Kf7 37. Ba2 Nb4 38. Rxd8 Bxd8 {[%emt 0:00:05][%mdl 4096] Endspiel. KBB-KBN} 39. Bc4 Nc6 40. Bc3 Bf6 (40... Be7 $11 {hält das Gleichgewicht.}) 41. Bxf6 $16 Kxf6 {[%emt 0:01:03] KB-KN} 42. Ke3 e5 $2 {[%emt 0:02:44] [#] Führt Schwarz ins Verderben.} (42... h6 $16 {war angesagt.}) 43. Bd5 $1 $18 {[%emt 0:01:02] Bxc6 wäre nun fies.} exf4+ 44. Kxf4 {[%emt 0:00:06] Droht Bxc6 und aus.} g5+ $2 (44... Nb4 45. Bxb7 Nd3+ 46. Kg3 Ke6) 45. Ke3 {[%emt 0:01:27] Und Bxc6 würde nun gewinnen.} Ne5 (45... Nd8 $142 46. Kd4 f4) 46. Bxb7 Nc4+ 47. Kd4 Nxb2 48. a5 Na4 49. Bc6 {[%emt 0:00:11] Gewichteter Fehlerwert: Weiß=0.11 (sehr präzise) /Schwarz=0.36.  Verlustzug:     	---       	Schwarz=1     Fehler:       	Weiß=4     	Schwarz=5     Ungenau:       	Weiß=1     	Schwarz=4     OK:         	Weiß=20    	Schwarz=16    Bester:       	Weiß=4     	Schwarz=2     Stark:        	Weiß=1     	---} 1-0

[Event "VIII Open Semana Santa 2024"]
[Site "San Vicente del Raspeig"]
[Date "2024.03.27"]
[Round "1.20"]
[White "Climente Martinez, Jose Luis"]
[Black "Baskin, Robert"]
[Result "0-1"]
[ECO "A40"]
[WhiteElo "2041"]
[BlackElo "2461"]
[Annotator "TA"]
[PlyCount "90"]
[EventDate "2024.03.27"]
[EventType "swiss"]
[EventCountry "ESP"]
[SourceTitle "playchess.com"]
[Source "ChessBase"]
[SourceQuality "1"]
[TimeControl "5400+30"]

1. d4 e6 2. c4 b6 3. Nf3 Bb7 4. Nc3 Bb4 5. Bd2 f5 6. e3 Nf6 7. Bd3 O-O 8. O-O {[%emt 0:02:38] White has an edge.} Bxc3 9. Bxc3 Ne4 10. Be1 d6 11. Qc2 Nd7 12. Nd2 Nxd2 13. Bxd2 Qh4 {[%emt 0:00:52][%cal Ob7g2] [#] Hoping for ...Bxg2!} 14. f3 a5 15. e4 (15. Rae1 $14 {is more appropriate.}) 15... fxe4 16. fxe4 e5 17. d5 Nc5 18. a3 a4 19. Be3 Nxd3 20. Qxd3 Rad8 21. Rae1 Bc8 22. Bf2 Qh5 23. Qc2 Bd7 24. Qd1 Bg4 (24... Qxd1 {simplifies} 25. Rxd1 Bg4 26. Rde1 h6) 25. Qc2 Bd7 26. Qd1 Qg5 (26... Qxd1 {simplifies} 27. Rxd1 Bg4 28. Rde1 Bh5) 27. Qc1 Qe7 (27... Qxc1 {simplifies} 28. Rxc1 h6 29. Be3 Bg4) 28. Be3 (28. h3 {simplifies} Be8 29. Be3 Rxf1+ 30. Rxf1 Rb8 31. Qe1) 28... h6 {[%emt 0:00:20] Repels Bg5} 29. Qd1 Qh4 30. Bf2 Qg5 31. Qc1 Qg6 {[%emt 0:03:58] Black is much more active.} (31... Qxc1 {simplifies} 32. Rxc1 Be8 33. Rce1 Bg6) 32. Bh4 Rde8 33. Qe3 Qg4 $40 {[%emt 0:01:41][%mdl 128] Black mounts an attack.} 34. Bf2 Rf7 35. Qg3 Qh5 36. Qh4 Qg6 {[%emt 0:00:07] ...Rf4 is the strong threat.} (36... Qxh4 {simplifies} 37. Bxh4 Rxf1+ 38. Kxf1 Rf8+) 37. Qg3 Qh7 (37... Bg4 {simplifies} 38. h3 Bh5 39. Qxg6 Bxg6 40. Bh4 Rxf1+ 41. Kxf1 Rf8+) 38. h4 (38. Qe3 $11) 38... Rf4 $17 39. Be3 (39. Qe3 $17) 39... Rg4 40. Qf3 Qg6 {[%emt 0:00:56] Repels Qf7+} (40... Qxe4 41. Qf7+ Kh7 42. Rf2 $11) 41. Bf2 (41. h5 {is a better defense.} Qxh5 42. Bd2) 41... Rf8 $19 42. Qh3 h5 (42... Rxe4 43. Qxd7 Rg4 44. Qe6+ (44. Qxa4 Rxg2+ 45. Kh1 Rfxf2 46. Rxf2 Rxf2) 44... Qxe6 45. dxe6 $16) 43. g3 $2 {[%emt 0:00:41] [#]} (43. Be3 Qxe4 (43... Rxe4 $2 {loses.} 44. Rxf8+ Kxf8 45. Qxd7 $18) 44. Rxf8+ Kxf8 45. Bf2) 43... Rxf2 $1 44. Rxf2 (44. Kxf2 Rf4+) 44... Rxg3+ 45. Qg2 Bh3 {[%emt 0:00:08] Weighted Error Value: White=0.45/Black=0.10 (very precise) .  Mistake:       	White=5     	---        Inaccurate:     	White=3     	Black=4      OK:         	White=10    	Black=13     Brilliant:      	---       	Black=1} 0-1

[Event "VIII Open Semana Santa 2024"]
[Site "San Vicente del Raspeig"]
[Date "2024.03.28"]
[Round "2.1"]
[White "Granero Roca, Antonio"]
[Black "Alekseenko, Kirill"]
[Result "0-1"]
[ECO "E10"]
[WhiteElo "2270"]
[BlackElo "2650"]
[Annotator "TA"]
[PlyCount "100"]
[EventDate "2024.03.27"]
[EventType "swiss"]
[EventCountry "ESP"]
[SourceTitle "playchess.com"]
[Source "ChessBase"]
[SourceQuality "1"]
[TimeControl "5400+30"]

1. d4 Nf6 2. c4 e6 3. Nf3 h6 4. Nc3 Bb4 5. Bd2 b6 6. a3 Bxc3 7. Bxc3 Ne4 {[%emt 0:00:53] Repels b4} 8. Rc1 {[%emt 0:01:21] White has an edge.} Bb7 9. e3 d6 10. Be2 Nd7 11. O-O Nxc3 12. Rxc3 a5 13. b3 Qe7 14. Qb1 O-O 15. Rd1 f5 16. b4 Nf6 17. Rcc1 Qf7 {[%emt 0:17:42] [#]} 18. d5 $1 exd5 19. Qxf5 axb4 20. axb4 Ra2 21. Rd2 Rxd2 22. Nxd2 Bc8 23. Qf4 dxc4 24. Bxc4 Be6 (24... d5 $2 25. Bd3 $18) 25. b5 Ra8 26. h3 Bxc4 27. Qxc4 Qxc4 28. Rxc4 $11 {[%emt 0:00:00][%mdl 4096] Endgame. KRN-KRN} Ra1+ 29. Kh2 Ra2 30. Nf3 Rxf2 {[%emt 0:00:21] With the idea ...Nd5.} 31. Rxc7 Nd5 32. Rc8+ Kf7 33. e4 Ne3 34. e5 (34. Kg3 $11 {keeps the balance.} Rxg2+ 35. Kf4) 34... Rxg2+ $17 ({Stronger than} 34... Nxg2 35. Kg3 (35. exd6 Ke6 $16) 35... Ra2 36. exd6 $14) 35. Kh1 Rc2 $1 36. Rb8 (36. Rxc2 Nxc2 37. exd6 Ke6 $19) 36... dxe5 37. Nxe5+ Ke6 38. Nf3 {[%emt 0:00:00] Nd4+ is the strong threat.} Rc1+ 39. Kh2 Nd5 40. Rb7 (40. Nd4+ $17 Ke5 41. Nc6+ Kd6 42. Rb7) 40... Rc7 $19 41. Rb8 Kd6 42. Nd4 Ra7 43. Rc8 Ra2+ 44. Kg3 Ra3+ 45. Kh2 {[%emt 0:01:18] [#]} (45. Kf2 $17) 45... Ra2+ (45... Nf4 $1 $19 46. h4 Kd5 47. Rd8+ Ke4) 46. Kg3 $17 Ra3+ (46... Ke5 $17 47. Nf3+ Ke4 48. Rc4+ Ke3) 47. Kh2 $1 $19 {[%emt 0:00:05] [#]} Nf4 $1 48. h4 Kd5 49. Nf5 Ke4 50. Nxg7 (50. Nd6+ Kf3 51. Rc2) 50... Rh3+ {[%emt 0:00:04] Weighted Error Value: White=0.19 (very precise) /Black=0.10 (very precise) .  Mistake:       	White=4     	Black=2      Inaccurate:     	White=3     	---        OK:         	White=17    	Black=24     Best:        	White=4     	Black=2      Strong:       	White=1     	Black=1} 0-1